 Dungeon Crawl Stone Soup version 0.21.0-3-g78d12a8 (webtiles) character file.

54 Jatast the Ducker (level 3, -2/34 HPs)
             Began as a Deep Dwarf Monk on Jan 13, 2018.
             Slain by Crazy Yiuf
             ... wielding a +4 quarterstaff of chaos
              (7 damage)
             ... on level 2 of the Dungeon.
             The game lasted 00:02:36 (1883 turns).

Jatast the Ducker (Deep Dwarf Monk)                 Turns: 1883, Time: 00:02:37

Health: -2/34      AC:  6    Str: 15    XL:     3   Next: 66%
Magic:  2/2        EV: 14    Int: 10    God:
Gold:   51         SH:  0    Dex: 15    Spells: 2/2 levels left

rFire    . . .     SeeInvis .   a - +0 hand axe
rCold    . . .     Gourm    .   (no shield)
rNeg     . . .     Faith    .   b - +0 robe
rPois    .         Spirit   .   u - +1 helmet
rElec    .         Reflect  .   f - +0 cloak
rCorr    .         Harm     .   l - +0 pair of gloves
MR       .....                  (no boots)
Stlth    ++........             (no amulet)
HPRegen  0.00/turn              (no ring)
MPRegen  0.08/turn              (no ring)

@: non-regenerating
A: damage resistance, heal wounds, sense surroundings 1, no regeneration
a: Heal Wounds


You were on level 2 of the Dungeon.
You were not hungry.

You visited 1 branch of the dungeon, and saw 2 of its levels.

You collected 51 gold pieces.

Inventory:

Hand Weapons
 a - a +0 hand axe (weapon)
 p - a +2 short sword of draining
Armour
 b - a +0 robe (worn)
 f - a +0 cloak (worn)
 l - a +0 pair of gloves (worn)
 u - a +1 helmet (worn)
Jewellery
 k - a +3 ring of intelligence {unknown}
 n - a +2 ring of strength {unknown}
 s - an uncursed amulet of guardian spirit {unknown}
Scrolls
 g - 4 scrolls of identify {unknown}
 i - 2 scrolls of teleportation {unknown}
 r - a scroll of fear {unknown}
 t - a scroll of enchant armour {unknown}
Potions
 d - 2 potions of lignification {unknown}
 e - 2 potions of heal wounds {unknown}
 j - a potion of mutation {unknown}
 m - a potion of magic {unknown}
 o - a potion of resistance {unknown}
 q - a potion of flight {unknown}
Comestibles
 c - 6 rations


   Skills:
 + Level 3.5 Fighting
 - Level 3.2 Axes
 + Level 4.3 Dodging
 - Level 2.4 Stealth


You had 2 spell levels left.
You didn't know any spells.

Dungeon Overview and Level Annotations

Branches:
Dungeon (2/15)

Altars:

Annotations:
D:2 Crazy Yiuf


Innate Abilities, Weirdness & Mutations

You are resistant to damage.
You can heal yourself by infusing magical energy.
You passively map a small area around you.
You do not regenerate.


Message History

Crazy Yiuf freezes you.
You barely miss Crazy Yiuf.
Crazy Yiuf is moderately wounded.
Crazy Yiuf hits you with a quarterstaff of chaos!
* * * LOW HITPOINT WARNING * * *
Crazy Yiuf draws strength from your wounds!
You fail to use your ability.
Crazy Yiuf closely misses you.
Your magical essence is drained by the effort!
You feel much better. Crazy Yiuf completely misses you.
You hit Crazy Yiuf but do no damage. Crazy Yiuf misses you.
You hit Crazy Yiuf but do no damage.
Crazy Yiuf hits you with a quarterstaff of chaos!
* * * LOW HITPOINT WARNING * * *
Crazy Yiuf freezes you.
* * * LOW HITPOINT WARNING * * *
You hit Crazy Yiuf.
Crazy Yiuf is moderately wounded.
Crazy Yiuf cries, "Blight!
Ghoul cower illywillydillykilly."
Crazy Yiuf hits you with a quarterstaff of chaos!
You die...

#.#.# ###.......# ..#.#
#.......# ###.###
##'####.# ......# ### ###
###.### #.# ###'####♣♣
##### ......#..♣♣ ♣♣#..)#
..........♣♣♣♣.'@g.#
...........♣..♣#...#
......#...♣.♣♣♣#####
......##♣♣♣♣♣ #.##### #.##
################# ...#
#....##.........# ##.#
#....##.........# .#.##
#.....#.........##########


You could see Crazy Yiuf.

Vanquished Creatures
  A worm (D:2)
  A dart slug (D:2)
  A giant cockroach (D:1)
  2 goblins
  7 hobgoblins
  7 jackals (D:1)
  A ball python (D:1)
  3 bats
  3 frilled lizards
  13 kobolds
  7 rats
46 creatures vanquished.

Notes
Turn   | Place    | Note
-------+----------+-------------------------------------------
     0 | D:1      | Jatast the Deep Dwarf Monk began the quest for the Orb.
     0 | D:1      | Reached XP level 1. HP: 20/20 MP: 1/1
   210 | D:1      | Reached XP level 2. HP: 23/28 MP: 2/2
   565 | D:1      | Reached skill level 4 in Dodging
   633 | D:1      | Reached XP level 3. HP: 20/34 MP: 3/3
  1281 | D:2      | Found a runed door.
  1869 | D:2      | Noticed Crazy Yiuf
  1883 | D:2      | Slain by Crazy Yiuf

Skill      XL: |  1  2 |
---------------+-------+-----
Fighting       | 3 |  3.5
Dodging        | 4 |  4.3
Axes           | |  3.2
Stealth        | |  2.4

Action                   || total
-------------------------++-------
Melee: Hand axe          ||   150
 Abil: Heal Wounds       ||     3
 Stab: Sleeping          ||     8
  Eat: Chunk             ||     3
Armor: Robe              ||    23
Dodge: Dodged            ||   100
